 Dungeon Crawl Stone Soup version 0.28-a0-991-g956f0ee3d5 (webtiles) character file.

Game seed: 14802186410842863861

188 voltaire321 the Insei (level 5, 0/35 HPs)
             Began as an Octopode Transmuter on Dec 5, 2021.
             Slain by a gnoll (7 damage)
             ... on level 3 of the Dungeon.
             The game lasted 00:08:45 (4179 turns).

voltaire321 the Insei (Octopode Transmuter)         Turns: 4179, Time: 00:08:45

Health: 0/35       AC:  1    Str:  9    XL:     5   Next: 67%
Magic:  9/9        EV: 14    Int: 16    God:
Gold:   36         SH:  0    Dex: 14    Spells: 3/9 levels left

rFire   . . .      SeeInvis .   g - +6 short sword
rCold   . . .      Faith    .   (no shield)
rNeg    . . .      Spirit   .   (helmet restricted)
rPois   .          Reflect  .   (no amulet)
rElec   .          Harm     .   k - ring of wizardry
rCorr   .          Rampage  .   (no ring)
Will    .....                   (no ring)
Stlth   ++........              (no ring)
HPRegen 0.11/turn               (no ring)
MPRegen 0.11/turn               (no ring)
                                (no ring)
                                (no ring)

@: no status effects
A: almost no armour, amphibious, 8 rings, camouflage 1, gelatinous body 1,
(nimble swimmer 1), tentacles
a: no special abilities


You were on level 3 of the Dungeon.
You visited 1 branch of the dungeon, and saw 3 of its levels.

You collected 36 gold pieces.

Inventory:

Hand Weapons
 g - a +6 short sword (weapon)
 h - a +1 whip of venom
Jewellery
 k - a ring of wizardry (left tentacle)
Scrolls
 a - 2 scrolls of identify {unknown}
 b - a scroll of magic mapping {unknown}
 c - 2 scrolls of noise {unknown}
 j - a scroll of vulnerability {unknown}
Potions
 d - a potion of degeneration {unknown}
 e - a potion of cancellation {unknown}
 f - a potion of haste {unknown}
 i - a potion of berserk rage {unknown}


   Skills:
 + Level 2.3 Fighting
 + Level 2.9 Dodging
 + Level 3.6 Unarmed Combat
 + Level 2.7 Spellcasting
 + Level 3.0 Transmutations
 + Level 1.6 Poison Magic


You had 3 spell levels left.
You knew the following spells:

 Your Spells              Type           Power      Damage    Failure   Level
a - Beastly Appendage     Tmut           24%        N/A       2%          1
b - Wereblood             Tmut           12%        N/A       3%          2
c - Spider Form           Tmut/Pois      9%         N/A       9%          3

Your spell library contained the following spells:

 Spells                   Type           Power      Damage    Failure   Level
 Ignite Poison            Fire/Tmut/Pois 7%         N/A       12%         3
 Conjure Flame            Conj/Fire      2%         6-21      22%         3
 Ice Form                 Ice/Tmut       7%         N/A       38%         4
 Sticky Flame             Conj/Fire      2%         2d3       56%         4


Dungeon Overview and Level Annotations

Branches:
Dungeon (3/15)

Altars:


Innate Abilities, Weirdness & Mutations

You cannot wear most types of armour.
You are amphibious.
You can wear up to eight rings at the same time.
Your skin changes colour to match your surroundings (Stealth+).
Your rubbery body absorbs attacks. (AC +1, EV +1)
((You are camouflaged near water. (Stealth+)))
You have tentacles for arms and can constrict up to eight enemies at once.


Message History

The gnoll hits you with a +0 spear.
You see here a +0 spear.
You hit the gnoll. You grab the gnoll.
Your tentacle spike misses the gnoll.
The gnoll is moderately wounded.
You constrict the gnoll. The gnoll hits you with a +0 spear.
The gnoll hits you from afar with a +0 spear.
You hit the gnoll. You squeeze the gnoll.
The gnoll is severely wounded.
Your transformation is almost over.
You constrict the gnoll. The gnoll hits you with a +0 spear.
The gnoll hits you from afar with a +0 spear.
* * * LOW HITPOINT WARNING * * *
You hit the gnoll.
You kill the gnoll!
The gnoll closely misses you. The gnoll hits you with a +0 whip.
* * * LOW HITPOINT WARNING * * *
The kobold throws a stone.
The stone misses you.
The kobold throws a stone.
The stone barely misses you.
Your tentacle spike disappears.
You hit the gnoll. You grab the gnoll. You squeeze the gnoll.
The gnoll is severely wounded.
You constrict the gnoll. The gnoll closely misses you.
You puncture the gnoll!
You kill the gnoll!
The gnoll barely misses you. The gnoll closely misses you.
You see here a +0 whip.
You closely miss the gnoll. Your grab misses the gnoll.
You tentacle-slap the gnoll.
The gnoll is lightly wounded.
The gnoll hits you with a +0 spear.
* * * LOW HITPOINT WARNING * * *
You barely miss the gnoll. Your grab misses the gnoll.
The gnoll is lightly wounded.
The gnoll misses you.
You barely miss the gnoll. You grab the gnoll. Your squeeze misses the gnoll.
The gnoll is lightly wounded.
You constrict the gnoll. The gnoll closely misses you.
The gnoll hits you with a +0 spear!
You die...

..............#
..............##
...............
..............###
................
..............####
..........).......
..>.......)...######
..............Kg@..#
..............####.#
..............# ##
...........####
...........#
...........#
...).......#
...........#
...........#


You could see a gnoll and a kobold.

Vanquished Creatures
  Crazy Yiuf (D:2)
  Robin (D:2)
  3 gnolls (D:3)
  2 adders
  An adder skeleton (D:2)
  2 worms
  2 dart slugs (D:2)
  13 endoplasms
  2 giant cockroaches
  9 goblins (D:2)
  8 hobgoblins
  7 kobolds
  8 quokkas
  9 ball pythons
  A bat (D:2)
  7 frilled lizards
  6 rats
82 creatures vanquished.

Notes
Turn   | Place    | Note
-------+----------+-------------------------------------------
     0 | D:1      | voltaire321 the Octopode Transmuter began the quest for the
                  | Orb.
     0 | D:1      | Reached XP level 1. HP: 13/13 MP: 3/3
   374 | D:1      | Reached XP level 2. HP: 8/18 MP: 5/5
  1296 | D:1      | Reached XP level 3. HP: 19/23 MP: 6/6
  1488 | D:1      | Found a faded altar of an unknown god.
  2529 | D:2      | Learned a level 2 spell: Wereblood
  2533 | D:2      | Learned a level 3 spell: Spider Form
  2699 | D:2      | Reached XP level 4. HP: 18/29 MP: 5/7
  3029 | D:2      | Found a runed translucent door.
  3030 | D:2      | Noticed Crazy Yiuf
  3037 | D:2      | Killed Crazy Yiuf
  3038 | D:2      | Reached skill level 1 in Poison Magic
  3520 | D:2      | Noticed Robin
  3534 | D:2      | Reached XP level 5. HP: 25/34 MP: 6/8
  3534 | D:2      | Killed Robin
  4179 | D:3      | Slain by a gnoll

Illustrated notes

Levels and vault maps discovered:
D:1:      elethiomel_arrival_infinity_welcomes_careful_drivers, layout_basic,
          basic_ecumenical_altar, serial_park_tiny_pond,
          minmay_shallow_snake_nest
D:2:      minmay_angry_zag, layout_basic, grunt_ministairs_15,
          minmay_diced_spiral, uniq_robin, uniq_crazy_yiuf_cottage
D:3:      minmay_octagon_keep, layout_basic,
          nicolae_dithmenos_through_a_glass_darkly, serial_shops,
          nicolae_lakefront_shop, minmay_misc_feat_nine_boxes

Skill      XL: |  1  2  3  4  5 |
---------------+----------------+-----
Fighting       | 2 |  2.3
Poison Magic   | 1 |  1.6
Transmutations | 3 |  3.0
Dodging        | |  2.9
Unarmed Combat | |  3.6
Spellcasting   | |  2.7

Action                   |  1- 3 |  4- 6 || total
-------------------------+-------+-------++-------
Melee: Dagger            |   101 |     2 ||   103
       Unarmed           |     8 |       ||     8
       Constrict         |    20 |    18 ||    38
       Tentacles         |    21 |    12 ||    33
       Punch             |     2 |     3 ||     5
       Kick              |     3 |     4 ||     7
       Short sword       |       |    67 ||    67
 Cast: Beastly Appendage |     6 |     7 ||    13
 Stab: Sleeping          |    10 |     5 ||    15
Armor: Skin              |     7 |     4 ||    11
Dodge: Dodged            |    57 |    43 ||   100

Table legend: (Time is in decaauts)
 A = Elapsed time spent in this place.
 B = Non-inter-level travel time spent in this place.
 C = Inter-level travel time spent in this place.
 D = Time resting spent in this place.
 E = Time spent auto-exploring this place.
 F = Levels seen in this place.
 G = Mean time per level.
                   A        B        C        D        E       F      G
               +--------+--------+--------+--------+--------+-----+--------+
         Total |   4183 |   4156 |     27 |   1667 |   1875 |   3 | 1394.3 |
       Dungeon |   4183 |   4156 |     27 |   1667 |   1875 |   3 | 1394.3 |
               +--------+--------+--------+--------+--------+-----+--------+

Top non-repeatable levels by time:
     D:1: 2361 daAuts
     D:2: 1574 daAuts
     D:3: 247 daAuts
